Dynamic Boxscore Link
Seattle
Stormbreakers
9-17
4
FINAL
5
Lumberjacks
18-9
Summary
Boxscore
Lineups
Recap

1st Period

1-0 STMScore
7:23Time
5v5Type
2-0 STMScore
10:28Time
5v5Type
2-1 STMScore
16:00Time
5v5Type

2nd Period

2-2 TiedScore
2:33Time
5v5Type
3-2 LMBScore
4:02Time
PPType
3-3 TiedScore
6:10Time
5v5Type
4-3 STMScore
12:49Time
5v5Type

3rd Period

4-4 TiedScore
1:47Time
SHType
5-4 LMBScore
15:22Time
PPType

Penalties

1st Period
Per-Axel Ekengren (STM) for Slashing (Minor) at 17:21
2nd Period
Zane Bourbonnais (STM) for Tripping (Minor) at 3:45
Zane Bourbonnais (STM) for Roughing (Minor) at 17:21
3rd Period
Ikki Miyamae (LMB) for Goalie Interference (Minor) at 0:48
Oleg Avinov (LMB) for Tripping (Minor) at 4:15
Per-Axel Ekengren (STM) for Holding (Minor) at 4:22
Per-Axel Ekengren (STM) for Boarding (Minor) at 15:14
STM
LMB

Seattle Stormbreakers

# Player Pos G A PTS +/- S PIM TOI SB Hits GA TA
0 Jan Poulsen LW 0 2 2 0 5 0 16:24 0 4 1 0
0 Zane Bourbonnais C 2 0 2 2 4 4 20:41 0 3 1 0
1 Olin Oslanski D 0 1 1 3 1 0 18:21 1 3 0 0
0 Ken Maclewis D 0 1 1 3 0 0 18:21 2 1 0 1
6 Israel Swenson LW 0 1 1 1 5 0 12:31 0 1 0 0
32 Wray Flamand C 1 0 1 0 2 0 19:33 0 3 0 0
3 Rodion Betremeyev LW 0 1 1 -1 2 0 16:38 0 2 0 1
0 Blaz Ivanic C 1 0 1 -1 2 0 18:35 0 3 0 0
0 Bernt-Erik Takkinen LW 0 0 0 0 0 0 01:56 0 0 0 0
78 Keli Parayko D 0 0 0 -2 0 0 21:35 2 0 0 0
0 Patrick Panitz RW 0 0 0 1 0 0 09:38 1 0 0 0
59 Patrik Kosatka C 0 0 0 1 2 0 09:54 0 0 0 0
0 Rasmus Koso D 0 0 0 0 1 0 20:24 1 1 1 1
66 Jerri Narmala D 0 0 0 -1 2 0 22:26 3 1 1 2
55 Moses Schira RW 0 0 0 1 0 0 11:27 1 0 3 0
29 Per-Axel Ekengren RW 0 0 0 -1 2 6 18:03 0 1 1 0
37 Anrei Loukonen RW 0 0 0 0 2 0 18:13 1 3 0 0
41 Vladilen Avtomov D 0 0 0 -1 0 0 18:53 1 0 0 0
# Goalie GA SA SV SV% TOI
31 Ryan Collison 0 0 0 0.000 0:00
0 Karl Pyy 5 41 36 0.878 59:47
STM
LMB

Stormbreakers

Stormbreakers

5 vs 5 Forward
Line #Left WingCenterRight WingPHYDFOFWanted %Time %Time Play
1Jan PoulsenWray FlamandAnrei Loukonen1132831%15:37
2Rodion BetremeyevBlaz IvanicPer-Axel Ekengren0232727%13:54
3Israel SwensonZane BourbonnaisMoses Schira0232423%11:27
4Patrick PanitzZane BourbonnaisPatrik Kosatka0232119%9:38
5 vs 5 Defense
Line #DefenseDefensePHYDFOFWanted %Time %Time Play
1Vladilen AvtomovRasmus Koso1223133%16:55
2Keli ParaykoJerri Narmala2123030%15:20
3Ken MaclewisOlin Oslanski0412930%15:01
4Jerri NarmalaOlin Oslanski122107%3:20
Power Play Forward
Line #Left WingCenterRight WingPHYDFOFWanted %Time %Time Play
1Rodion BetremeyevBlaz IvanicPer-Axel Ekengren0056587%1:50
2Jan PoulsenWray FlamandAnrei Loukonen0053513%0:16
Power Play Defense
Line #DefenseDefensePHYDFOFWanted %Time %Time Play
1Vladilen AvtomovKeli Parayko0056587%1:50
2Jerri NarmalaKen Maclewis0053513%0:16
Penalty Kill 4 Players Forward
Line #CenterWingPHYDFOFWanted %Time %Time Play
1Wray FlamandAnrei Loukonen0415039%1:46
2Blaz IvanicPer-Axel Ekengren0415061%2:44
Penalty Kill 4 Players Defense
Line #DefenseDefensePHYDFOFWanted %Time %Time Play
1Rasmus KosoKeli Parayko1405054%2:26
2Jerri NarmalaKen Maclewis1405046%2:04
Penalty Kill 3 Players
Line #WingPHYDFOFWanted %Time %Time PlayDefenseDefensePHYDFOFWanted %Time %Time Play
1Wray Flamand050520%0:00 Rasmus KosoVladilen Avtomov050500%0:00
2Blaz Ivanic050480%0:00 Jerri NarmalaKen Maclewis050500%0:00
4 vs 4 Forward
Line #CenterWingPHYDFOFWanted %Time %Time Play
1Wray FlamandIsrael Swenson1226081%1:31
2Blaz IvanicJan Poulsen1224019%0:21
4 vs 4 Defense
Line #DefensePHYDFOFWanted %Time %Time Play
1Rasmus KosoKeli Parayko1315048%50% - 0:54
2Jerri NarmalaKen Maclewis0235052%50% - 0:58
Last Minutes Offensive
Left WingCenterRight WingDefenseDefense
Rodion BetremeyevWray FlamandPer-Axel EkengrenRasmus KosoVladilen Avtomov
Last Minutes Defensive
Left WingCenterRight WingDefenseDefense
Jan PoulsenBlaz IvanicAnrei LoukonenJerri NarmalaKen Maclewis
Time
Total ForwardTotal DefenseLast Minutes OffensiveLast Minutes Defensive
60:00 60:00 0:560:00
Extra Forwards
Normal PowerPlayPenalty Kill
Anrei Loukonen, Jan Poulsen, Bernt-Erik TakkinenAnrei Loukonen, Jan PoulsenAnrei Loukonen
Extra Defensemen
Normal PowerPlayPenalty Kill
Ken Maclewis, Keli Parayko, Rasmus KosoKen Maclewis, Ken MaclewisKeli Parayko
Penalty Shots
Per-Axel Ekengren, Wray Flamand, Jan Poulsen, Patrick Panitz, Anrei Loukonen
Goalie
Karl Pyy, Ryan Collison
Custom OT Lines Forwards
Per-Axel Ekengren, Wray Flamand, Rodion Betremeyev, Zane Bourbonnais, Patrick Panitz, Jan Poulsen, Bernt-Erik Takkinen, Blaz Ivanic, Moses Schira, Israel Swenson
Custom OT Lines Defensemen
Rasmus Koso, Vladilen Avtomov, Jerri Narmala, Ken Maclewis, Keli Parayko
Scratches
Ivan Crete (Sore Left Knee Injury), Konosuke Matsui (Right Foot Injury), Arvin Hecimovic (Healthy)
1st Period

0:01 of 1st period - Wray Flamand wins face-off versus Jody Sonntag in neutral zone.
0:55 of 1st period - Slapshot by Moses Schira.
0:55 of 1st period - Shot Blocked by Kazimir Papazov.
0:57 of 1st period - Slapshot by Olin Oslanski.
0:57 of 1st period - Deflect By Israel Swenson.
0:57 of 1st period - Stopped by Sampa Paunonen without a rebound.
0:58 of 1st period - A.C. Westren wins face-off versus Zane Bourbonnais in Lumberjacks zone.
1:35 of 1st period - Snap shot by A.C. Westren.
1:35 of 1st period - Stopped by Karl Pyy with a rebound.
2:21 of 1st period - Snap shot by Oleg Avinov.
2:21 of 1st period - Stopped by Karl Pyy with a rebound.
2:23 of 1st period - Snap shot by Daniil Mirnov.
2:23 of 1st period - Shot Blocked by Keli Parayko.
3:14 of 1st period - Off-side.
3:15 of 1st period - Blaz Ivanic wins face-off versus Urpo Schneider in neutral zone.
3:35 of 1st period - Icing by Blaz Ivanic.
3:36 of 1st period - Jody Sonntag wins face-off versus Blaz Ivanic in Stormbreakers zone.
5:23 of 1st period - Keli Parayko is hit by Yaroslav Anokin and loses puck.
5:50 of 1st period - Slapshot by Jan Poulsen.
5:50 of 1st period - Stopped by Sampa Paunonen with a rebound.
7:18 of 1st period - Jody Sonntag is hit by Anrei Loukonen and loses puck.
7:23 of 1st period - Snap shot by Wray Flamand.
7:23 of 1st period - Goal by Wray Flamand - Stormbreakers : 1 - Lumberjacks : 0.
7:24 of 1st period - Wray Flamand wins face-off versus Floyd Holst in neutral zone.
7:37 of 1st period - Wrist shot by Floyd Holst.
7:37 of 1st period - Stopped by Karl Pyy with a rebound.
9:11 of 1st period - Snap shot by Jan Poulsen.
9:11 of 1st period - Stopped by Sampa Paunonen without a rebound.
9:12 of 1st period - Oleg Avinov wins face-off versus Blaz Ivanic in Lumberjacks zone.
9:23 of 1st period - Snap shot by Oleg Avinov.
9:23 of 1st period - Shot Misses the Net.
9:25 of 1st period - Slapshot by Yaroslav Anokin.
9:25 of 1st period - Stopped by Karl Pyy with a rebound.
9:27 of 1st period - Wrist shot by Oleg Avinov.
9:27 of 1st period - Shot Misses the Net.
9:29 of 1st period - Wrist shot by Daniil Mirnov.
9:29 of 1st period - Stopped by Karl Pyy with a rebound.
9:44 of 1st period - Benito Mathers is hit by Olin Oslanski and loses puck.
10:03 of 1st period - Tanner Napier is hit by Wray Flamand and loses puck.
10:28 of 1st period - Slapshot by Ken Maclewis.
10:28 of 1st period - Deflect By Zane Bourbonnais.
10:28 of 1st period - Goal by Zane Bourbonnais - Stormbreakers : 2 - Lumberjacks : 0.
10:29 of 1st period - Jody Sonntag wins face-off versus Zane Bourbonnais in neutral zone.
10:32 of 1st period - Rasmus Koso is hit by Jody Sonntag and loses puck.
11:18 of 1st period - Wrist shot by Craig Bruton.
11:18 of 1st period - Shot Misses the Net.
12:13 of 1st period - Icing by Jody Sonntag.
12:14 of 1st period - Wray Flamand wins face-off versus Jody Sonntag in Lumberjacks zone.
13:25 of 1st period - Irmin Rosner is hit by Olin Oslanski and loses puck.
14:06 of 1st period - Snap shot by Per-Axel Ekengren.
14:06 of 1st period - Shot Misses the Net.
14:08 of 1st period - Snap shot by Blaz Ivanic.
14:08 of 1st period - Stopped by Sampa Paunonen without a rebound.
14:09 of 1st period - Jody Sonntag wins face-off versus Zane Bourbonnais in Lumberjacks zone.
14:18 of 1st period - Slapshot by Jody Sonntag.
14:18 of 1st period - Stopped by Karl Pyy with a rebound.
14:34 of 1st period - Olin Oslanski is hit by Rickey Rogan and loses puck.
15:05 of 1st period - Ken Maclewis is hit by Ikki Miyamae and loses puck.
15:24 of 1st period - Snap shot by Ustin Trynkov.
15:24 of 1st period - Deflect By A.C. Westren.
15:24 of 1st period - Stopped by Karl Pyy with a rebound.
15:26 of 1st period - Slapshot by Ikki Miyamae.
15:26 of 1st period - Shot Misses the Net.
15:28 of 1st period - Snap shot by A.C. Westren.
15:28 of 1st period - Stopped by Karl Pyy with a rebound.
15:40 of 1st period - Backhand shot by Rasmus Koso.
15:40 of 1st period - Shot Blocked by Anton Rozhkov.
16:00 of 1st period - Snap shot by Oleg Avinov.
16:00 of 1st period - Goal by Oleg Avinov - Stormbreakers : 2 - Lumberjacks : 1.
16:01 of 1st period - Oleg Avinov wins face-off versus Zane Bourbonnais in neutral zone.
16:04 of 1st period - Slapshot by Daniil Mirnov.
16:04 of 1st period - Stopped by Karl Pyy with a rebound.
16:16 of 1st period - Snap shot by Daniil Mirnov.
16:16 of 1st period - Stopped by Karl Pyy without a rebound.
16:17 of 1st period - Zane Bourbonnais wins face-off versus Jody Sonntag in Stormbreakers zone.
16:42 of 1st period - Keli Parayko is hit by Daniil Mirnov and loses puck.
17:21 of 1st period - Minor Penalty to Per-Axel Ekengren for Slashing.
17:22 of 1st period - Wray Flamand wins face-off versus Oleg Avinov in Stormbreakers zone.
18:00 of 1st period - Snap shot by Craig Bruton.
18:00 of 1st period - Shot Misses the Net.
19:12 of 1st period - Blaz Ivanic is hit by Oleg Avinov and loses puck.
19:21 of 1st period - Penalty to Per-Axel Ekengren is over, Per-Axel Ekengren is back on ice.
Goals for this period are 2 for Stormbreakers vs 1 for Lumberjacks.
Shots for this period are 6 for Stormbreakers vs 11 for Lumberjacks.
2nd Period

0:01 of 2nd period - Zane Bourbonnais wins face-off versus Jody Sonntag in neutral zone.
0:34 of 2nd period - Snap shot by Oleg Avinov.
0:34 of 2nd period - Stopped by Karl Pyy with a rebound.
0:59 of 2nd period - Wrist shot by Craig Bruton.
0:59 of 2nd period - Shot Misses the Net.
1:46 of 2nd period - Off-side.
1:47 of 2nd period - Jody Sonntag wins face-off versus Zane Bourbonnais in neutral zone.
1:57 of 2nd period - Off-side.
1:58 of 2nd period - Benito Mathers wins face-off versus Zane Bourbonnais in neutral zone.
2:33 of 2nd period - Snap shot by Dayton Presswood.
2:33 of 2nd period - Goal by Dayton Presswood - Stormbreakers : 2 - Lumberjacks : 2.
2:34 of 2nd period - Zane Bourbonnais wins face-off versus Jody Sonntag in neutral zone.
3:01 of 2nd period - Ken Maclewis is hit by Dayton Presswood and loses puck.
3:29 of 2nd period - Olin Oslanski is hit by Tanner Napier and loses puck.
3:45 of 2nd period - Minor Penalty to Zane Bourbonnais for Tripping.
3:46 of 2nd period - Wray Flamand wins face-off versus Oleg Avinov in Stormbreakers zone.
4:02 of 2nd period - Snap shot by Benito Mathers.
4:02 of 2nd period - Goal by Benito Mathers - Stormbreakers : 2 - Lumberjacks : 3.
4:03 of 2nd period - Jody Sonntag wins face-off versus Zane Bourbonnais in neutral zone.
4:03 of 2nd period - Jody Sonntag is hit by Zane Bourbonnais.
4:13 of 2nd period - Slapshot by Israel Swenson.
4:13 of 2nd period - Stopped by Sampa Paunonen with a rebound.
5:26 of 2nd period - Wrist shot by Craig Bruton.
5:26 of 2nd period - Stopped by Karl Pyy with a rebound.
5:46 of 2nd period - Icing by Urpo Schneider.
5:47 of 2nd period - Urpo Schneider wins face-off versus Zane Bourbonnais in Lumberjacks zone.
6:03 of 2nd period - Off-side.
6:04 of 2nd period - Blaz Ivanic wins face-off versus Jody Sonntag in neutral zone.
6:10 of 2nd period - Wrist shot by Blaz Ivanic.
6:10 of 2nd period - Goal by Blaz Ivanic - Stormbreakers : 3 - Lumberjacks : 3.
6:11 of 2nd period - Zane Bourbonnais wins face-off versus Jody Sonntag in neutral zone.
6:16 of 2nd period - Wrist shot by Zane Bourbonnais.
6:16 of 2nd period - Stopped by Sampa Paunonen without a rebound.
6:17 of 2nd period - Zane Bourbonnais wins face-off versus Floyd Holst in Lumberjacks zone.
6:18 of 2nd period - Slapshot by Rasmus Koso.
6:18 of 2nd period - Shot Misses the Net.
6:21 of 2nd period - Icing by Yaroslav Anokin.
6:22 of 2nd period - Zane Bourbonnais wins face-off versus Jody Sonntag in Lumberjacks zone.
6:25 of 2nd period - Snap shot by Zane Bourbonnais.
6:25 of 2nd period - Shot Misses the Net.
6:53 of 2nd period - Snap shot by Dayton Presswood.
6:53 of 2nd period - Shot Blocked by Olin Oslanski.
6:55 of 2nd period - Snap shot by Daniil Mirnov.
6:55 of 2nd period - Shot Misses the Net.
6:57 of 2nd period - Slapshot by Kazimir Papazov.
6:57 of 2nd period - Deflect By Dayton Presswood.
6:57 of 2nd period - Stopped by Karl Pyy without a rebound.
6:58 of 2nd period - Oleg Avinov wins face-off versus Israel Swenson in Stormbreakers zone.
7:07 of 2nd period - Snap shot by Oleg Avinov.
7:07 of 2nd period - Stopped by Karl Pyy with a rebound.
7:09 of 2nd period - Slapshot by Oleg Avinov.
7:09 of 2nd period - Shot Misses the Net.
7:15 of 2nd period - Wrist shot by Dayton Presswood.
7:15 of 2nd period - Shot Misses the Net.
7:25 of 2nd period - Rickey Rogan is hit by Jan Poulsen and loses puck.
7:36 of 2nd period - Snap shot by Wray Flamand.
7:36 of 2nd period - Stopped by Sampa Paunonen with a rebound.
9:18 of 2nd period - Snap shot by Israel Swenson.
9:18 of 2nd period - Deflect By Dayton Presswood.
9:18 of 2nd period - Stopped by Sampa Paunonen without a rebound.
9:19 of 2nd period - Oleg Avinov wins face-off versus Zane Bourbonnais in Lumberjacks zone.
9:19 of 2nd period - Oleg Avinov is hit by Israel Swenson.
9:37 of 2nd period - Icing by Anton Rozhkov.
9:38 of 2nd period - Jan Poulsen wins face-off versus Oleg Avinov in Lumberjacks zone.
9:43 of 2nd period - Snap shot by Wray Flamand.
9:43 of 2nd period - Shot Misses the Net.
9:55 of 2nd period - Snap shot by Dayton Presswood.
9:55 of 2nd period - Stopped by Karl Pyy without a rebound.
9:56 of 2nd period - Jody Sonntag wins face-off versus Zane Bourbonnais in Stormbreakers zone.
9:57 of 2nd period - Snap shot by Benito Mathers.
9:57 of 2nd period - Stopped by Karl Pyy with a rebound.
10:05 of 2nd period - Benito Mathers is hit by Olin Oslanski and loses puck.
10:34 of 2nd period - Snap shot by Oleg Avinov.
10:34 of 2nd period - Shot Blocked by Jerri Narmala.
10:48 of 2nd period - Snap shot by Zane Bourbonnais.
10:48 of 2nd period - Stopped by Sampa Paunonen without a rebound.
10:49 of 2nd period - Jody Sonntag wins face-off versus Zane Bourbonnais in Lumberjacks zone.
11:02 of 2nd period - Snap shot by Jody Sonntag.
11:02 of 2nd period - Shot Blocked by Moses Schira.
11:16 of 2nd period - Daniil Mirnov is hit by Anrei Loukonen and loses puck.
11:24 of 2nd period - Anton Rozhkov is hit by Wray Flamand and loses puck.
12:25 of 2nd period - Jan Poulsen is hit by Floyd Holst and loses puck.
12:34 of 2nd period - Wrist shot by Floyd Holst.
12:34 of 2nd period - Stopped by Karl Pyy without a rebound.
12:35 of 2nd period - Oleg Avinov wins face-off versus Zane Bourbonnais in Stormbreakers zone.
12:42 of 2nd period - Oleg Avinov is hit by Zane Bourbonnais and loses puck.
12:49 of 2nd period - Wrist shot by Zane Bourbonnais.
12:49 of 2nd period - Goal by Zane Bourbonnais - Stormbreakers : 4 - Lumberjacks : 3.
12:50 of 2nd period - Jody Sonntag wins face-off versus Zane Bourbonnais in neutral zone.
13:15 of 2nd period - Wray Flamand is hit by Oleg Avinov and loses puck.
13:46 of 2nd period - Snap shot by Per-Axel Ekengren.
13:46 of 2nd period - Stopped by Sampa Paunonen with a rebound.
13:48 of 2nd period - Wrist shot by Blaz Ivanic.
13:48 of 2nd period - Shot Misses the Net.
13:57 of 2nd period - Off-side.
13:58 of 2nd period - Israel Swenson wins face-off versus Tanner Napier in neutral zone.
14:11 of 2nd period - Snap shot by Israel Swenson.
14:11 of 2nd period - Shot Blocked by Irmin Rosner.
14:13 of 2nd period - Slapshot by Keli Parayko.
14:13 of 2nd period - Shot Misses the Net.
14:48 of 2nd period - Wrist shot by Patrik Kosatka.
14:48 of 2nd period - Stopped by Sampa Paunonen without a rebound.
14:49 of 2nd period - Oleg Avinov wins face-off versus Zane Bourbonnais in Lumberjacks zone.
14:49 of 2nd period - Oleg Avinov is hit by Ken Maclewis.
15:04 of 2nd period - Slapshot by Oleg Avinov.
15:04 of 2nd period - Stopped by Karl Pyy without a rebound.
15:05 of 2nd period - Floyd Holst wins face-off versus Wray Flamand in Stormbreakers zone.
15:17 of 2nd period - Off-side.
15:18 of 2nd period - Jody Sonntag wins face-off versus Zane Bourbonnais in neutral zone.
15:27 of 2nd period - Snap shot by Floyd Holst.
15:27 of 2nd period - Shot Blocked by Jerri Narmala.
15:29 of 2nd period - Snap shot by Floyd Holst.
15:29 of 2nd period - Shot Blocked by Patrick Panitz.
15:31 of 2nd period - Snap shot by Floyd Holst.
15:31 of 2nd period - Shot Blocked by Jerri Narmala.
15:33 of 2nd period - Slapshot by Floyd Holst.
15:33 of 2nd period - Shot Misses the Net.
15:35 of 2nd period - Slapshot by Benito Mathers.
15:35 of 2nd period - Shot Misses the Net.
15:51 of 2nd period - Snap shot by Rodion Betremeyev.
15:51 of 2nd period - Shot Misses the Net.
15:53 of 2nd period - Snap shot by Rodion Betremeyev.
15:53 of 2nd period - Stopped by Sampa Paunonen with a rebound.
16:09 of 2nd period - Slapshot by Kazimir Papazov.
16:09 of 2nd period - Stopped by Karl Pyy without a rebound.
16:10 of 2nd period - Urpo Schneider wins face-off versus Wray Flamand in Stormbreakers zone.
16:25 of 2nd period - Snap shot by Urpo Schneider.
16:25 of 2nd period - Shot Blocked by Vladilen Avtomov.
16:27 of 2nd period - Snap shot by Tanner Napier.
16:27 of 2nd period - Stopped by Karl Pyy without a rebound.
16:28 of 2nd period - Jody Sonntag wins face-off versus Zane Bourbonnais in Stormbreakers zone.
16:57 of 2nd period - Snap shot by Dayton Presswood.
16:57 of 2nd period - Shot Misses the Net.
17:00 of 2nd period - Icing by Ken Maclewis.
17:01 of 2nd period - Blaz Ivanic wins face-off versus Oleg Avinov in Stormbreakers zone.
17:16 of 2nd period - Wrist shot by Dayton Presswood.
17:16 of 2nd period - Deflect By Oleg Avinov.
17:16 of 2nd period - Shot Misses the Net.
17:16 of 2nd period - Puck is out of play.
17:17 of 2nd period - Jody Sonntag wins face-off versus Zane Bourbonnais in Stormbreakers zone.
17:21 of 2nd period - Minor Penalty to Zane Bourbonnais for Roughing.
17:22 of 2nd period - Wray Flamand wins face-off versus Oleg Avinov in Stormbreakers zone.
17:33 of 2nd period - Icing by Irmin Rosner.
17:34 of 2nd period - Oleg Avinov wins face-off versus Blaz Ivanic in Lumberjacks zone.
17:34 of 2nd period - Oleg Avinov is hit by Rasmus Koso.
18:08 of 2nd period - Slapshot by Benito Mathers.
18:08 of 2nd period - Shot Blocked by Rasmus Koso.
18:10 of 2nd period - Snap shot by Anton Rozhkov.
18:10 of 2nd period - Stopped by Karl Pyy with a rebound.
18:12 of 2nd period - Slapshot by Anton Rozhkov.
18:12 of 2nd period - Shot Misses the Net.
18:14 of 2nd period - Slapshot by Anton Rozhkov.
18:14 of 2nd period - Shot Blocked by Keli Parayko.
18:36 of 2nd period - Wrist shot by Dayton Presswood.
18:36 of 2nd period - Shot Misses the Net.
18:38 of 2nd period - Snap shot by Dayton Presswood.
18:38 of 2nd period - Stopped by Karl Pyy with a rebound.
18:40 of 2nd period - Slapshot by Irmin Rosner.
18:40 of 2nd period - Deflect By Rasmus Koso.
18:40 of 2nd period - Stopped by Karl Pyy without a rebound.
18:41 of 2nd period - Wray Flamand wins face-off versus Jody Sonntag in Stormbreakers zone.
19:21 of 2nd period - Penalty to Zane Bourbonnais is over, Zane Bourbonnais is back on ice.
Goals for this period are 2 for Stormbreakers vs 2 for Lumberjacks.
Shots for this period are 10 for Stormbreakers vs 15 for Lumberjacks.
3rd Period

0:01 of 3rd period - Jody Sonntag wins face-off versus Zane Bourbonnais in neutral zone.
0:12 of 3rd period - Icing by Zane Bourbonnais.
0:13 of 3rd period - Zane Bourbonnais wins face-off versus Jody Sonntag in Stormbreakers zone.
0:20 of 3rd period - Slapshot by Jerri Narmala.
0:20 of 3rd period - Stopped by Sampa Paunonen with a rebound.
0:22 of 3rd period - Wrist shot by Zane Bourbonnais.
0:22 of 3rd period - Shot Misses the Net.
0:28 of 3rd period - Snap shot by Patrik Kosatka.
0:28 of 3rd period - Stopped by Sampa Paunonen with a rebound.
0:30 of 3rd period - Wrist shot by Zane Bourbonnais.
0:30 of 3rd period - Shot Misses the Net.
0:32 of 3rd period - Slapshot by Jerri Narmala.
0:32 of 3rd period - Stopped by Sampa Paunonen without a rebound.
0:33 of 3rd period - Wray Flamand wins face-off versus Oleg Avinov in Lumberjacks zone.
0:40 of 3rd period - Snap shot by Anrei Loukonen.
0:40 of 3rd period - Stopped by Sampa Paunonen without a rebound.
0:41 of 3rd period - Wray Flamand wins face-off versus Oleg Avinov in Lumberjacks zone.
0:41 of 3rd period - Wray Flamand is hit by Ikki Miyamae.
0:48 of 3rd period - Minor Penalty to Ikki Miyamae for Goalie Interference.
0:49 of 3rd period - A.C. Westren wins face-off versus Blaz Ivanic in Lumberjacks zone.
1:15 of 3rd period - Irmin Rosner is hit by Blaz Ivanic and loses puck.
1:32 of 3rd period - Yaroslav Anokin is hit by Blaz Ivanic and loses puck.
1:45 of 3rd period - Snap shot by Floyd Holst.
1:45 of 3rd period - Shot Misses the Net.
1:47 of 3rd period - Snap shot by Floyd Holst.
1:47 of 3rd period - Goal by Floyd Holst - Stormbreakers : 4 - Lumberjacks : 4.
1:48 of 3rd period - A.C. Westren wins face-off versus Wray Flamand in neutral zone.
1:59 of 3rd period - Slapshot by Jerri Narmala.
1:59 of 3rd period - Shot Blocked by Irmin Rosner.
2:01 of 3rd period - Snap shot by Anrei Loukonen.
2:01 of 3rd period - Shot Blocked by Rickey Rogan.
2:03 of 3rd period - Snap shot by Jan Poulsen.
2:03 of 3rd period - Stopped by Sampa Paunonen without a rebound.
2:04 of 3rd period - Blaz Ivanic wins face-off versus A.C. Westren in Lumberjacks zone.
2:13 of 3rd period - Snap shot by Per-Axel Ekengren.
2:13 of 3rd period - Stopped by Sampa Paunonen without a rebound.
2:14 of 3rd period - A.C. Westren wins face-off versus Blaz Ivanic in Lumberjacks zone.
2:48 of 3rd period - Penalty to Ikki Miyamae is over, Ikki Miyamae is back on ice.
2:57 of 3rd period - Slapshot by Keli Parayko.
2:57 of 3rd period - Shot Blocked by Irmin Rosner.
3:24 of 3rd period - Wrist shot by Wray Flamand.
3:24 of 3rd period - Shot Misses the Net.
3:26 of 3rd period - Wrist shot by Jan Poulsen.
3:26 of 3rd period - Stopped by Sampa Paunonen without a rebound.
3:27 of 3rd period - Zane Bourbonnais wins face-off versus Jody Sonntag in Lumberjacks zone.
3:34 of 3rd period - Snap shot by Zane Bourbonnais.
3:34 of 3rd period - Shot Blocked by Rickey Rogan.
3:36 of 3rd period - Wrist shot by Patrik Kosatka.
3:36 of 3rd period - Shot Misses the Net.
3:38 of 3rd period - Slapshot by Olin Oslanski.
3:38 of 3rd period - Stopped by Sampa Paunonen with a rebound.
3:40 of 3rd period - Snap shot by Patrik Kosatka.
3:40 of 3rd period - Shot Misses the Net.
3:42 of 3rd period - Wrist shot by Jerri Narmala.
3:42 of 3rd period - Shot Misses the Net.
4:15 of 3rd period - Minor Penalty to Oleg Avinov for Tripping.
4:16 of 3rd period - A.C. Westren wins face-off versus Blaz Ivanic in Lumberjacks zone.
4:16 of 3rd period - A.C. Westren is hit by Rodion Betremeyev.
4:22 of 3rd period - Minor Penalty to Per-Axel Ekengren for Holding.
4:23 of 3rd period - Wray Flamand wins face-off versus Jody Sonntag in Stormbreakers zone.
4:28 of 3rd period - Jody Sonntag is hit by Wray Flamand and loses puck.
5:03 of 3rd period - Slapshot by Anton Rozhkov.
5:03 of 3rd period - Shot Blocked by Ken Maclewis.
5:09 of 3rd period - Craig Bruton is hit by Blaz Ivanic and loses puck.
5:30 of 3rd period - Keli Parayko is hit by Dayton Presswood and loses puck.
6:15 of 3rd period - Penalty to Oleg Avinov is over, Oleg Avinov is back on ice.
6:22 of 3rd period - Penalty to Per-Axel Ekengren is over, Per-Axel Ekengren is back on ice.
7:07 of 3rd period - Irmin Rosner is hit by Jan Poulsen and loses puck.
7:45 of 3rd period - Wrist shot by Daniil Mirnov.
7:45 of 3rd period - Stopped by Karl Pyy with a rebound.
8:11 of 3rd period - Slapshot by Jan Poulsen.
8:11 of 3rd period - Stopped by Sampa Paunonen without a rebound.
8:12 of 3rd period - Zane Bourbonnais wins face-off versus Jody Sonntag in Lumberjacks zone.
8:15 of 3rd period - Snap shot by Israel Swenson.
8:15 of 3rd period - Stopped by Sampa Paunonen without a rebound.
8:16 of 3rd period - Zane Bourbonnais wins face-off versus Floyd Holst in Lumberjacks zone.
8:25 of 3rd period - Snap shot by Israel Swenson.
8:25 of 3rd period - Stopped by Sampa Paunonen without a rebound.
8:26 of 3rd period - Jody Sonntag wins face-off versus Zane Bourbonnais in Lumberjacks zone.
8:31 of 3rd period - Slapshot by Benito Mathers.
8:31 of 3rd period - Stopped by Karl Pyy without a rebound.
8:32 of 3rd period - Zane Bourbonnais wins face-off versus Jody Sonntag in Stormbreakers zone.
8:41 of 3rd period - Snap shot by Rasmus Koso.
8:41 of 3rd period - Deflect By Jody Sonntag.
8:41 of 3rd period - Stopped by Sampa Paunonen without a rebound.
8:42 of 3rd period - Zane Bourbonnais wins face-off versus Benito Mathers in Lumberjacks zone.
9:09 of 3rd period - Craig Bruton is hit by Per-Axel Ekengren and loses puck.
9:42 of 3rd period - Wrist shot by Oleg Avinov.
9:42 of 3rd period - Shot Blocked by Anrei Loukonen.
11:49 of 3rd period - Snap shot by Sang Tianzhi.
11:49 of 3rd period - Shot Misses the Net.
11:51 of 3rd period - Slapshot by Ikki Miyamae.
11:51 of 3rd period - Stopped by Karl Pyy without a rebound.
11:52 of 3rd period - Zane Bourbonnais wins face-off versus A.C. Westren in Stormbreakers zone.
11:52 of 3rd period - Zane Bourbonnais is hit by Ustin Trynkov.
12:00 of 3rd period - Snap shot by Israel Swenson.
12:00 of 3rd period - Shot Blocked by Irmin Rosner.
12:18 of 3rd period - Wray Flamand is hit by Floyd Holst and loses puck.
12:23 of 3rd period - Wrist shot by Jody Sonntag.
12:23 of 3rd period - Stopped by Karl Pyy with a rebound.
12:29 of 3rd period - Wray Flamand is hit by Jody Sonntag and loses puck.
13:34 of 3rd period - Jerri Narmala is hit by Jody Sonntag and loses puck.
13:47 of 3rd period - Rickey Rogan is hit by Zane Bourbonnais.
13:58 of 3rd period - Rickey Rogan is hit by Jan Poulsen and loses puck.
14:09 of 3rd period - Snap shot by Sang Tianzhi.
14:09 of 3rd period - Stopped by Karl Pyy without a rebound.
14:10 of 3rd period - A.C. Westren wins face-off versus Zane Bourbonnais in Stormbreakers zone.
14:23 of 3rd period - Wrist shot by Ustin Trynkov.
14:23 of 3rd period - Stopped by Karl Pyy with a rebound.
14:25 of 3rd period - Wrist shot by Sang Tianzhi.
14:25 of 3rd period - Stopped by Karl Pyy with a rebound.
14:27 of 3rd period - Slapshot by Yaroslav Anokin.
14:27 of 3rd period - Deflect By Keli Parayko.
14:27 of 3rd period - Stopped by Karl Pyy without a rebound.
14:28 of 3rd period - Jody Sonntag wins face-off versus Blaz Ivanic in Stormbreakers zone.
14:43 of 3rd period - Snap shot by Benito Mathers.
14:43 of 3rd period - Stopped by Karl Pyy with a rebound.
14:45 of 3rd period - Wrist shot by Benito Mathers.
14:45 of 3rd period - Shot Misses the Net.
15:06 of 3rd period - Backhand shot by Rodion Betremeyev.
15:06 of 3rd period - Stopped by Sampa Paunonen with a rebound.
15:14 of 3rd period - Minor Penalty to Per-Axel Ekengren for Boarding.
15:15 of 3rd period - Oleg Avinov wins face-off versus Wray Flamand in Stormbreakers zone.
15:18 of 3rd period - Wrist shot by Oleg Avinov.
15:18 of 3rd period - Shot Blocked by Ken Maclewis.
15:22 of 3rd period - Wrist shot by Dayton Presswood.
15:22 of 3rd period - Goal by Dayton Presswood - Stormbreakers : 4 - Lumberjacks : 5.
15:23 of 3rd period - Zane Bourbonnais wins face-off versus Urpo Schneider in neutral zone.
15:26 of 3rd period - Rickey Rogan is hit by Jerri Narmala and loses puck.
15:49 of 3rd period - Benito Mathers is hit by Anrei Loukonen and loses puck.
16:18 of 3rd period - Slapshot by Anton Rozhkov.
16:18 of 3rd period - Stopped by Karl Pyy with a rebound.
16:32 of 3rd period - Slapshot by Daniil Mirnov.
16:32 of 3rd period - Stopped by Karl Pyy with a rebound.
16:34 of 3rd period - Wrist shot by Dayton Presswood.
16:34 of 3rd period - Shot Misses the Net.
16:36 of 3rd period - Slapshot by Anton Rozhkov.
16:36 of 3rd period - Deflect By Oleg Avinov.
16:36 of 3rd period - Stopped by Karl Pyy with a rebound.
16:38 of 3rd period - Wrist shot by Rickey Rogan.
16:38 of 3rd period - Deflect By Dayton Presswood.
16:38 of 3rd period - Stopped by Karl Pyy without a rebound.
16:39 of 3rd period - Wray Flamand wins face-off versus Urpo Schneider in Stormbreakers zone.
16:50 of 3rd period - Slapshot by Rasmus Koso.
16:50 of 3rd period - Shot Misses the Net.
16:52 of 3rd period - Snap shot by Anrei Loukonen.
16:52 of 3rd period - Stopped by Sampa Paunonen without a rebound.
16:53 of 3rd period - Israel Swenson wins face-off versus Jody Sonntag in Lumberjacks zone.
17:02 of 3rd period - Slapshot by Jerri Narmala.
17:02 of 3rd period - Shot Misses the Net.
17:20 of 3rd period - Urpo Schneider is hit by Jan Poulsen and loses puck.
17:29 of 3rd period - Jan Poulsen is hit by Tanner Napier.
19:07 of 3rd period - Kazimir Papazov is hit by Rodion Betremeyev and loses puck.
19:31 of 3rd period - Off-side.
19:32 of 3rd period - Gunther Morel call a timeout for Stormbreakers.
19:32 of 3rd period - Urpo Schneider wins face-off versus Per-Axel Ekengren in neutral zone.
19:35 of 3rd period - Slapshot by Kazimir Papazov.
19:35 of 3rd period - Shot Misses the Net.
19:47 of 3rd period - Stormbreakers, Karl Pyy is pulled from the net.
19:49 of 3rd period - Wrist shot by Rodion Betremeyev.
19:49 of 3rd period - Shot Blocked by Floyd Holst.
19:57 of 3rd period - Rasmus Koso is hit by Urpo Schneider and loses puck.
Goals for this period are 0 for Stormbreakers vs 2 for Lumberjacks.
Shots for this period are 14 for Stormbreakers vs 15 for Lumberjacks.

3 STARS

1st Star
LW
44
G 2
A 1
+/- 1
TOI 18:15
2nd Star
C
44
G 1
A 3
+/- 1
TOI 17:17
3rd Star
C
0
G 2
A 0
+/- 2
TOI 20:41

Game Stats

STM
VS
LMB
4 Goals 5
30 Shots 41
13 Blocked Shots 9
15 Missed Shots 20
49.2 Faceoff % 50.8
2 Power Plays 5
0 Power Play Goals 2
0 Power Play % 0.4

GAME DETAILS

VENUE
Unknown
CITY
Unknown
REFEREES
Dan O'Rourke, Kelly Sutherland
LINESMEN
William Bailey, Tom Nolan
ATTENDANCE
17,122